 Dungeon Crawl Stone Soup version 0.32-a0-7-ge934b4519a (webtiles) character file.

Game seed: 10943478133647664566

557 Laraso the Slasher (level 7, 57/57 HPs)
             Began as a Black Draconian Monk on Jan 13, 2024.
             Quit the game on level 4 of the Dungeon.
             The game lasted 00:02:46 (2696 turns).

Laraso the Slasher (Black Draconian Monk)           Turns: 2696, Time: 00:02:47

Health: 57/57      AC:  7    Str: 19    XL:     7   Next: 9%
Magic:  7/7        EV: 12    Int: 11    God:
Gold:   254        SH:  0    Dex: 15    Spells: 6/6 levels left

rFire   . . .        a - +0 falchion
rCold   . . .        c - orb {light}
rNeg    . . .        (body armour unavailable)
rPois   .            (helmet restricted)
rElec   +            (no cloak)
rCorr   +            h - +0 pair of gloves
SInv    .            (no boots)
Will    .....        (no amulet)
Stlth   +            e - +6 ring of strength
HPRegen 1.09/turn    i - ring of resist corrosion
MPRegen 0.10/turn

%: no passive effects
@: glowing
A: breathe lightning, AC +6, unfitting armour, electricity resistance,
cold-blooded, stinger 1, regeneration 1
a: Breathe Lightning


You were on level 4 of the Dungeon.
You visited 1 branch of the dungeon, and saw 4 of its levels.

You collected 254 gold pieces.

Inventory:

Hand Weapons
 a - a +0 falchion (weapon)
Missiles
 j - 6 poisoned darts (quivered)
Armour
 c - an orb of light (worn)
 h - a +0 pair of gloves (worn)
Jewellery
 e - a +6 ring of strength (left hand)
 i - a ring of resist corrosion (right hand)
Scrolls
 g - a scroll of immolation
 n - a scroll of revelation
 o - a scroll of poison {unknown}
 p - a scroll of vulnerability {unknown}
Potions
 b - a potion of ambrosia
 f - a potion of attraction


   Skills:
 - Level 3.2 Fighting
 * Level 7.8 Long Blades
 - Level 2.0 Throwing
 - Level 2.6 Dodging


You had 6 spell levels left.
You didn't know any spells.
Your spell library was empty.

Dungeon Overview and Level Annotations

Branches:
Dungeon (4/15)
 Temple: D:4-7

Altars:

Annotations:
D:4 Eustachio


Innate Abilities, Weirdness & Mutations

You can breathe wild blasts of lightning.
Your glossy black scales are hard. (AC +6)
You cannot fit into any form of body armour.
You are resistant to electric shocks. (rElec)
You are cold-blooded and may be slowed by cold attacks.
Your tail ends in a venomous barb.
Your natural rate of healing is unusually fast.


Message History

The hobgoblin hits you but does no damage.
You slash the hobgoblin!
You kill the hobgoblin!
No target in view!
You now have 254 gold pieces (gained 18).
You see here a hobgoblin corpse.
A scorpion comes into view.
Found 8 gold pieces.
The scorpion stings you.
There is a fountain of clear blue water here.
The scorpion stings you but does no damage.
You hit the scorpion but do no damage.
You tail-slap the scorpion, but do no damage.
The scorpion stings you but does no damage.
You hit the scorpion but do no damage. The scorpion barely misses you.
You hit the scorpion.
The scorpion is lightly wounded.
The scorpion misses you.
You hit the scorpion.
The scorpion is lightly wounded.
The scorpion stings you.
You hit the scorpion.
The scorpion is moderately wounded.
The scorpion closely misses you. The scorpion misses you.
You hit the scorpion. You tail-slap the scorpion.
The scorpion is poisoned.
The scorpion is heavily wounded.
The scorpion stings you but does no damage.
You barely miss the scorpion. You tail-slap the scorpion.
The scorpion looks even sicker.
The scorpion is almost dead.
A giant cockroach comes into view.
The scorpion stings you but does no damage.
You hit the scorpion.
You kill the scorpion!
You have reached level 7!
Your scales start taking on a glossy black colour.
You learn Air Magic much quicker.
You learn Earth Magic much slower.
You can breathe wild blasts of lightning.
You feel insulated.
Are you sure you want to abandon this character and quit the game? (Confirm with "yes".)

....# ....# ## ....# ~###
....# ~~~## ....# #~~..
.~~## ##### #~.... ..~~# ...
#~...♣♣♣ ♣B.~## ###
.#~..⌠..$.♣..~~#
.#~...♣.⌠.♣@..~#.......#
####
.#~~..♣....⌠..~#.......#
...#
.##~..♣♣♣♣♣...~#.......#
...#
..#~~....†....~#.......#
...##..##~~.......~~#.......
....)# ##~~~....~~##....#
.....# ###~~~.~~##.....#
.#...### #.####+###...).##
###....# #...##.#####....#


You could see a giant cockroach.

Vanquished Creatures
  Grinder (D:4)
  A scorpion (D:4)
  A howler monkey (D:4)
  An orc priest (D:3)
  An iguana (D:4)
  A sleepcap (D:4)
  An orc wizard (D:3)
  Natasha (D:4)
  7 adders
  A ribbon worm (D:2)
  8 orcs
  3 ball pythons
  4 bats
  An endoplasm (D:3)
  2 giant cockroaches (D:1)
  7 goblins
  10 hobgoblins
  3 quokkas
  A frilled lizard (D:1)
  8 kobolds
  5 rats
68 creatures vanquished.

Notes
Turn   | Place    | Note
-------+----------+-------------------------------------------
     0 | D:1      | Laraso the Draconian Monk began the quest for the Orb.
     0 | D:1      | Reached XP level 1. HP: 19/19 MP: 1/1
   132 | D:1      | Reached XP level 2. HP: 24/26 MP: 2/2
   668 | D:2      | Reached skill level 4 in Long Blades
   668 | D:2      | Reached XP level 3. HP: 29/31 MP: 3/3
   879 | D:2      | Identified the +1 robe of Inference {rElec rF- Will- Int+9}
  1042 | D:2      | Reached XP level 4. HP: 23/38 MP: 4/4
  1211 | D:2      | Reached skill level 5 in Long Blades
  1492 | D:3      | Reached skill level 1 in Throwing
  1507 | D:3      | Reached XP level 5. HP: 39/45 MP: 5/5
  2434 | D:4      | Noticed Grinder
  2439 | D:4      | Gained mutation: Your natural rate of healing is unusually
                  | fast. [potion of mutation]
  2439 | D:4      | Gained mutation: Your tail ends in a venomous barb. [potion
                  | of mutation]
  2445 | D:4      | Paralysed by Grinder for 5 turns
  2455 | D:4      | Paralysed by Grinder for 3 turns
  2461 | D:4      | Paralysed by Grinder for 2 turns
  2468 | D:4      | Paralysed by Grinder for 3 turns
  2514 | D:4      | Reached skill level 6 in Long Blades
  2518 | D:4      | Killed Grinder
  2519 | D:4      | Reached skill level 7 in Long Blades
  2519 | D:4      | Reached XP level 6. HP: 39/51 MP: 6/6
  2569 | D:4      | Noticed Natasha
  2575 | D:4      | Killed Natasha
  2670 | D:4      | Noticed Eustachio
  2696 | D:4      | Your scales start taking on a glossy black colour.
  2696 | D:4      | Reached XP level 7. HP: 57/57 MP: 7/7
  2696 | D:4      | Gained mutation: You are resistant to electric shocks.
                  | (rElec) [Black Draconian growth]
  2696 | D:4      | Quit the game

Illustrated notes

Levels and vault maps discovered:
D:1:      tarquinn_simple_flora_water_b, layout_loops_ring,
          dreamdust_wishing_well
D:2:      layout_loops_ring, minmay_diced_spiral
D:3:      layout_loops_corners
D:4:      layout_basic, serial_corexii_hall, corexii_hall_statues_t,
          corexii_hall_statues_s, chequers_hall_statues_wall_a,
          corexii_hall_statues_x, kennysheep_potato, uniq_grinder,
          uniq_eustachio, uniq_natasha

Skill      XL: |  1  2  3  4  5 |
---------------+----------------+-----
Long Blades    | 4 5 7 |  7.8
Throwing       | 2 |  2.0
Fighting       | |  3.2
Dodging        | |  2.6

Action                     |  1- 3 |  4- 6 |  7- 9 || total
---------------------------+-------+-------+-------++-------
  Melee: Falchion          |    74 |   147 |       ||   221
         Tailslap          |     8 |    29 |       ||    37
    Use: Scroll            |     2 |     2 |       ||     4
         Potion            |       |     2 |       ||     2
 Armour: Skin              |    37 |    69 |       ||   106
  Dodge: Dodged            |    33 |    84 |       ||   117

Table legend: (Time is in decaauts)
 A = Elapsed time spent in this place.
 B = Non-inter-level travel time spent in this place.
 C = Inter-level travel time spent in this place.
 D = Time resting spent in this place.
 E = Time spent auto-exploring this place.
 F = Levels seen in this place.
 G = Mean time per level.
                   A        B        C        D        E       F      G
               +--------+--------+--------+--------+--------+-----+--------+
         Total |   2703 |   2589 |    114 |      0 |   2105 |   4 |  675.8 |
       Dungeon |   2703 |   2589 |    114 |      0 |   2105 |   4 |  675.8 |
               +--------+--------+--------+--------+--------+-----+--------+

Top non-repeatable levels by time:
     D:3: 1035 daAuts
     D:2: 677 daAuts
     D:1: 637 daAuts
     D:4: 352 daAuts
